 Dungeon Crawl Stone Soup version 0.32-a0-427-g448f42529f (webtiles) character file.

Game seed: 2439382102161706785

1502 Gargoyl the Chopper (level 8, -1/50 HPs)
             Began as a Gargoyle Berserker on Feb 22, 2024.
             Was a Priest of Trog.
             Engulfed by a cloud of flame (11 damage)
             ... on level 6 of the Dungeon.
             The game lasted 00:05:30 (3870 turns).

Gargoyl the Chopper (Gargoyle Berserker)            Turns: 3870, Time: 00:05:31

Health: -1/50      AC: 18    Str: 26    XL:     8   Next: 82%
Magic:  8/8        EV: 11    Int:  9    God:    Trog [***...]
Gold:   254        SH:  0    Dex: 11    Spells: 7/7 levels left

rFire   . . .        d - +8 broad axe (heavy)
rCold   . . .        (no shield)
rNeg    + . .        n - +4 ring mail
rPois   ∞            (no helmet)
rElec   +            b - +1 cloak
rCorr   .            (no gloves)
SInv    +            (no boots)
Will    .....        (no amulet)
Stlth   +            h - +6 ring of strength
HPRegen 0.28/turn    l - ring of see invisible
MPRegen 0.11/turn

%: no passive effects
@: no status effects
A: sickness immunity, AC +5, negative energy resistance 1, electricity
resistance, torment resistance 1, petrification resistance
a: Renounce Religion, Berserk, Trog's Hand


You were on level 6 of the Dungeon.
You worshipped Trog.
Trog was most pleased with you.
You visited 1 branch of the dungeon, and saw 6 of its levels.

You collected 254 gold pieces.

Inventory:

Hand Weapons
 a - a +0 hand axe
 d - a +8 heavy broad axe (weapon)
Missiles
 u - 3 poisoned darts (quivered)
Armour
 b - a +1 cloak (worn)
 n - a +4 ring mail (worn)
Jewellery
 h - a +6 ring of strength (left hand)
 l - a ring of see invisible (right hand)
Wands
 g - a wand of iceblast (7)
Scrolls
 m - a scroll of identify
 q - a scroll of blinking
Potions
 c - 2 potions of haste
 f - a potion of berserk rage
 i - a potion of ambrosia {unknown}
 j - 2 potions of degeneration {unknown}
 k - a potion of invisibility {unknown}
 p - 2 potions of mutation {unknown}
 r - a potion of enlightenment {unknown}
 s - a potion of curing {unknown}
 t - a potion of attraction {unknown}
 v - a potion of brilliance {unknown}


   Skills:
 + Level 5.6 Fighting
 + Level 7.9 Axes
 + Level 5.1 Armour
 + Level 3.0 Dodging
 + Level 1.2 Stealth


You had 7 spell levels left.
You didn't know any spells.
Your spell library was empty.

Dungeon Overview and Level Annotations

Branches:
Dungeon (6/15)
 Temple: D:4-7

Altars:
Ashenzari
Cheibriados
Fedhas
Kikubaaqudgha


Innate Abilities, Weirdness & Mutations

You are immune to sickness and miasma.
Your stone body is resilient. (AC +5)
You are immune to poison.
You resist negative energy. (rN+)
You are resistant to electric shocks. (rElec)
You are resistant to unholy torment.
You are immune to petrification.


Message History

You completely miss the adder.
The adder is severely wounded.
The adder bites you but does no damage. The adder barely misses you.
You slash the adder!
You kill the adder!
Trog accepts your kill.
Done exploring.
Done exploring.
Done exploring.
Done exploring.
What level of the Dungeon? (default 5, ? - help)
There is a stone staircase leading down here.
You climb downwards.
The jelly quivers.
There is a stone staircase leading up here.
There are monsters nearby!
You slice the jelly!!
You kill the jelly!
Trog accepts your kill.
Your Armour skill increases to level 5!
You slice the iguana!!
You kill the iguana!
Trog accepts your kill.
A phantom comes into view.
As you read the scroll labelled LIRROE URAUNO, it crumbles to dust.
It is a scroll of enchant weapon.
Your +7 heavy broad axe glows red for a moment.
As you read the scroll labelled ZOISIYRGHEAL, it crumbles to dust.
The creatures around you are filled with an inner flame!
It was a scroll of immolation.
The phantom closely misses you.
You hit the phantom but do no damage. The phantom barely misses you.
The phantom hits you but does no damage.
You slice the phantom!! Trog accepts your kill.
The phantom explodes!
The fiery explosion engulfs you!
You are engulfed in blazing flames.
* * * LOW HITPOINT WARNING * * *
You are engulfed in blazing flames.
You die...

#.## #..#
##
##<####.#
###...#..#
#........#
#.......##
######...#
##§§# ##@#
#§# #.#
#.# #.#
#.# #..
##.


There were no monsters in sight!

Vanquished Creatures
  Pikel (D:4)
  2 ogres
  2 lemures (D:4)
  2 phantoms
  3 scorpions
  A howler monkey (D:4)
  A bombardier beetle (D:3)
  A jelly (D:6)
  A hound (D:5)
  3 iguanas
  Robin (D:2)
  14 adders
  A river rat (D:4)
  A white imp (D:5)
  A ribbon worm (D:5)
  3 dart slugs
  5 orcs
  7 endoplasms
  3 giant cockroaches
  11 goblins
  10 hobgoblins
  A jackal (D:3)
  5 quokkas
  8 ball pythons
  4 bats
  2 frilled lizards (D:3)
  6 kobolds
  5 rats
105 creatures vanquished.

Notes
Turn   | Place    | Note
-------+----------+-------------------------------------------
     0 | D:1      | Gargoyl the Gargoyle Berserker began the quest for the Orb.
     0 | D:1      | Reached XP level 1. HP: 14/14 MP: 1/1
    92 | D:1      | Reached skill level 3 in Axes
    92 | D:1      | Reached XP level 2. HP: 15/19 MP: 2/2
   302 | D:1      | Identified a scroll of acquirement
   302 | D:1      | Acquired a +7 heavy broad axe
   318 | D:1      | Found a faded altar of an unknown god.
   646 | D:2      | Reached XP level 3. HP: 15/24 MP: 3/3
   976 | D:2      | Noticed Robin
   987 | D:2      | Reached XP level 4. HP: 20/29 MP: 4/4
   989 | D:2      | Killed Robin
   994 | D:2      | Reached skill level 4 in Axes
  1486 | D:3      | Noticed a phantom
  1489 | D:3      | Killed a phantom
  1489 | D:3      | Reached ** piety under Trog
  1490 | D:3      | Reached XP level 5. HP: 33/33 MP: 5/5
  1541 | D:3      | Found a blossoming altar of Fedhas.
  1903 | D:3      | Reached XP level 6. HP: 38/39 MP: 6/6
  1947 | D:3      | Reached skill level 5 in Axes
  2237 | D:4      | Found an ancient bone altar of Kikubaaqudgha.
  2243 | D:4      | Reached XP level 7. HP: 44/44 MP: 7/7
  2259 | D:4      | Reached skill level 6 in Axes
  2358 | D:4      | Found a broken altar of Ashenzari.
  2371 | D:4      | Noticed Pikel
  2382 | D:4      | Killed Pikel
  2383 | D:4      | Reached skill level 5 in Fighting
  2383 | D:4      | Reached skill level 7 in Axes
  2383 | D:4      | Reached skill level 1 in Stealth
  2383 | D:4      | Reached XP level 8. HP: 23/49 MP: 8/8
  3376 | D:5      | Entered Level 5 of the Dungeon
  3376 | D:5      | Found a snail-covered altar of Cheibriados.
  3513 | D:5      | Reached *** piety under Trog
  3860 | D:6      | Reached skill level 5 in Armour
  3870 | D:6      | Engulfed by a cloud of flame

Illustrated notes

Levels and vault maps discovered:
D:1:      heliophobic_arrival_ceremonial_halls, layout_loops_ring,
          shapermc_ecumenical_altar_rom_forum, minmay_misc_feat_chi
D:2:      layout_basic, uniq_robin
D:3:      minmay_bubble_buster, layout_basic, lemuel_crystal_altar,
          kennysheep_generic_room_15
D:4:      layout_basic, nicolae_kikubaaqudgha_miasma_corner,
          general_overflow_altar, portal_sewer_entry_b, saegor_snake_ambush,
          uniq_pikel
D:5:      layout_rooms, slow_altar_1
D:6:      layout_layer_cave

Skill      XL: |  1  2  3  4  5  6  7  8 |
---------------+-------------------------+-----
Axes           | 3 4 5 7 |  7.9
Fighting       | 4 5 |  5.6
Dodging        | 2 3 |  3.0
Armour         | 3 5 |  5.1
Stealth        | 1 |  1.2

Action                     |  1- 3 |  4- 6 |  7- 9 || total
---------------------------+-------+-------+-------++-------
  Melee: Hand axe          |    26 |       |       ||    26
         Broad axe         |    27 |    80 |    60 ||   167
 Invoke: Berserk           |       |     1 |     1 ||     2
         Trog's Hand       |       |       |     1 ||     1
    Use: Scroll            |     5 |     1 |     2 ||     8
 Armour: Animal skin       |    54 |     7 |       ||    61
         Scale mail        |       |    69 |    47 ||   116
         Ring mail         |       |       |    16 ||    16
  Dodge: Dodged            |    45 |    70 |    39 ||   154

Table legend: (Time is in decaauts)
 A = Elapsed time spent in this place.
 B = Non-inter-level travel time spent in this place.
 C = Inter-level travel time spent in this place.
 D = Time resting spent in this place.
 E = Time spent auto-exploring this place.
 F = Levels seen in this place.
 G = Mean time per level.
                   A        B        C        D        E       F      G
               +--------+--------+--------+--------+--------+-----+--------+
         Total |   4078 |   3959 |    119 |      0 |   3006 |   6 |  679.7 |
       Dungeon |   4078 |   3959 |    119 |      0 |   3006 |   6 |  679.7 |
               +--------+--------+--------+--------+--------+-----+--------+

Top non-repeatable levels by time:
     D:4: 1247 daAuts
     D:2: 902 daAuts
     D:3: 772 daAuts
     D:1: 639 daAuts
     D:5: 500 daAuts
     D:6: 15 daAuts
